 Dungeon Crawl Stone Soup version 0.27.1-34-g3ba077fa99 (webtiles) character file.

Game seed: 17259300042920501683

735 ticklebelly the Skirmisher (level 7, 0/99 HPs)
             Began as a Minotaur Berserker on Jan 7, 2022.
             Was a Priest of Trog.
             Succumbed to a gnoll's poison
             ... on level 4 of the Dungeon.
             The game lasted 00:05:41 (4108 turns).

ticklebelly the Skirmisher (Minotaur Berserker)     Turns: 4108, Time: 00:05:41

Health: 0/99       AC:  7    Str: 23    XL:     7   Next: 45%
Magic:  6/6        EV: 10    Int:  4    God:    Trog [***...]
Gold:   198        SH:  4    Dex: 10    Spells: 6/6 levels left

rFire    . . .     SeeInvis .   a - +0 hand axe
rCold    . . .     Faith    .   g - +0 buckler
rNeg     . . .     Spirit   .   c - +0 scale mail
rPois    .         Reflect  .   (helmet restricted)
rElec    .         Harm     .   (no cloak)
rCorr    .         Rampage  .   (no gloves)
Will     .....                  (no boots)
Stlth    ..........             (no amulet)
HPRegen  0.26/turn              (no ring)
MPRegen  0.10/turn              (no ring)

@: berserking (expiring), lethally poisoned (0 -> -9), very quick
A: horns 2, retaliatory headbutt
a: Renounce Religion, Berserk, Trog's Hand


You were on level 4 of the Dungeon.
You worshipped Trog.
Trog was most pleased with you.
You visited 1 branch of the dungeon, and saw 4 of its levels.

You collected 198 gold pieces.

Inventory:

Hand Weapons
 a - a +0 hand axe (weapon)
Armour
 c - a +0 scale mail (worn)
 g - a +0 buckler (worn)
 m - a +0 plate armour
Jewellery
 n - a ring of protection from cold
Scrolls
 d - 2 scrolls of enchant weapon {unknown}
 e - 2 scrolls of teleportation {unknown}
 f - a scroll of torment {unknown}
 i - 3 scrolls of identify {unknown}
 l - a scroll of fog {unknown}
 o - 2 scrolls of immolation {unknown}
 p - a scroll of vulnerability {unknown}
Potions
 b - 3 potions of lignification {unknown}
 h - a potion of flight {unknown}
 j - a potion of might
 k - 2 potions of curing
 q - a potion of attraction {unknown}


   Skills:
 + Level 7.0 Fighting
 + Level 7.0 Axes
 - Level 4.0 Armour
 - Level 2.1 Dodging
 + Level 3.7 Shields


You had 6 spell levels left.
You didn't know any spells.
Your spell library was empty.

Dungeon Overview and Level Annotations

Branches:
Dungeon (4/15)
 Temple: D:4-7

Altars:
Hepliaklqana

Annotations:
D:4 1 transporter


Innate Abilities, Weirdness & Mutations

You have a pair of horns on your head.
You reflexively headbutt those who attack you in melee.


Message History

You feel sick. You block the gnoll's attack.
The gnoll hits you from afar with the +11 spear of Miuntuxzew {venom, rPois rF- MP+9 Dex+5}.
* * * LOW HITPOINT WARNING * * *
You are lethally poisoned!
Your Fighting skill increases to level 7!
* * * LOW HITPOINT WARNING * * *
You feel very sick.
The gnoll shouts!
The gnoll hits you but does no damage. The gnoll barely misses you.
There is an open translucent door here.
Things that are here:
a +0 spear of venom; a gnoll corpse You slash the gnoll!
You headbutt the gnoll.
The gnoll is almost dead.
You barely miss the gnoll.
* * * LOW HITPOINT WARNING * * *
You feel sick.
You slash the gnoll!
You kill the gnoll!
Trog accepts your kill.
You slash the gnoll! You barely miss the gnoll.
* * * LOW HITPOINT WARNING * * *
You feel very sick. The gnoll barely misses you. You block the gnoll's attack.
The gnoll closely misses you.
You slash the gnoll!
You kill the gnoll!
Trog accepts your kill.
You barely miss the gnoll.
* * * LOW HITPOINT WARNING * * *
You feel sick. The gnoll hits you but does no damage.
You block the gnoll's attack.
Your Axes skill increases to level 7!
You slash the gnoll!
The gnoll is almost dead.
* * * LOW HITPOINT WARNING * * *
You feel sick.
You closely miss the gnoll.
The gnoll is almost dead.
You die...

#.≈≈#####...........#####≈≈....
#.≈≈#.#.#.###.©.###.#.#.#≈≈....
#.≈≈#...###g#####©###...#≈≈....
#.≈≈###.. . ..........###≈≈.###
#.≈≈.8#.######'######.#8.≈≈.#
#.≈≈.##.# #8..#.⌠.#.##.≈≈.##
#.≈≈.#g.' #)©.....'..#.≈≈..#
#.≈≈.##.# #8..#.⌠.#.##.≈≈..##
#.≈≈.8#.######@######.#8.≈≈....
#.≈≈###.....$))gg.....###≈≈....
#.≈≈#gg.###.#####.###...#≈≈..##
#.≈≈#g#.#.###.©.###.#g#g#≈≈..#
#.≈≈#####...........#####≈≈..#
#.≈≈≈≈≈≈≈≈≈≈≈...≈≈≈≈≈≈≈≈≈≈≈..#
#.≈≈≈≈≈≈≈≈≈≈≈...≈≈≈≈≈≈≈≈≈≈≈..#
#............................#
#############................#


You could see 2 gnolls.

Vanquished Creatures
  The ghost of riojii the Sneak, an amateur KoEE of Wu Jian (D:4)
  An ogre (D:4)
  A centaur (D:3)
  An orc priest (D:3)
  A centaur skeleton (D:4)
  3 hounds (D:4)
  2 iguanas
  Jessica (D:2)
  An orc wizard (D:3)
  Robin (D:2)
  5 gnolls (D:4)
  3 adders (D:2)
  An adder skeleton (D:4)
  2 worms (D:2)
  6 dart slugs
  7 orcs
  3 endoplasms
  4 giant cockroaches
  15 goblins
  13 hobgoblins
  6 quokkas
  2 ball pythons (D:1)
  7 bats
  6 frilled lizards
  4 kobolds
  A quokka skeleton (D:4)
  7 rats
105 creatures vanquished.

Vanquished Creatures (others)
  6 plants (D:4)
6 creatures vanquished.

Grand Total: 111 creatures vanquished

Notes
Turn   | Place    | Note
-------+----------+-------------------------------------------
     0 | D:1      | ticklebelly the Minotaur Berserker began the quest for the
                  | Orb.
     0 | D:1      | Reached XP level 1. HP: 19/19 MP: 0/0
    35 | D:1      | Reached XP level 2. HP: 10/27 MP: 1/1
   675 | D:1      | Reached ** piety under Trog
   795 | D:1      | Reached XP level 3. HP: 34/34 MP: 2/2
   986 | D:2      | Noticed Jessica
   994 | D:2      | Killed Jessica
  1029 | D:2      | Reached XP level 4. HP: 40/41 MP: 3/3
  1099 | D:2      | Reached skill level 5 in Fighting
  1099 | D:2      | Reached skill level 5 in Axes
  1464 | D:2      | Noticed Robin
  1476 | D:2      | Killed Robin
  1636 | D:3      | Noticed a centaur
  1647 | D:3      | Killed a centaur
  1648 | D:3      | Reached XP level 5. HP: 13/50 MP: 4/4
  1979 | D:3      | Reached XP level 6. HP: 33/57 MP: 5/5
  2396 | D:3      | Reached *** piety under Trog
  2397 | D:3      | Reached skill level 1 in Shields
  2929 | D:3      | Found a hazy altar of Hepliaklqana.
  3306 | D:4      | Identified the +11 spear of Miuntuxzew {venom, rPois rF-
                  | MP+9 Dex+5}
  3329 | D:4      | Found a transporter.
  3401 | D:4      | Found a transporter.
  3802 | D:4      | Reached XP level 7. HP: 37/64 MP: 6/6
  4084 | D:4      | Noticed riojii's ghost (amateur KoEE)
  4102 | D:4      | Killed riojii's ghost
  4105 | D:4      | HP: 4/99 [poisoned by a gnoll]
  4107 | D:4      | HP: 1/99 [poisoned by a gnoll]
  4108 | D:4      | Succumbed to a gnoll's poison

Illustrated notes

Levels and vault maps discovered:
D:1:      minmay_arrival_arboretum_small, layout_basic, minmay_surrounded
D:2:      layout_basic, serial_glass, glass_columns_a, glass_columns_b,
          uniq_jessica, uniq_robin
D:3:      layout_basic, nzn_hepliaklqana_mist_gate
D:4:      layout_gridville, gammafunk_ghost_gnarly_gnolls

Skill      XL: |  1  2  3  4  5  6  7 |
---------------+----------------------+-----
Fighting       | 4 5 6 7 |  7.0
Axes           | 4 5 6 7 |  7.0
Armour         | 3 4 |  4.0
Shields        | 3 |  3.7
Dodging        | |  2.1

Action                   |  1- 3 |  4- 6 |  7- 9 || total
-------------------------+-------+-------+-------++-------
Melee: Hand axe          |    60 |   178 |    20 ||   258
       Headbutt          |     9 |    37 |     2 ||    48
Invok: Berserk           |       |     2 |     1 ||     3
Armor: Animal skin       |     1 |       |       ||     1
       Scale mail        |    20 |    60 |     9 ||    89
Dodge: Dodged            |    25 |    84 |    10 ||   119
Block: Buckler           |       |    22 |     8 ||    30
